 Dungeon Crawl Stone Soup version 0.25.0-26-g0c896c7088 (webtiles) character file.

Game seed: 14985163284270096637

298 xccam the Cutter (level 6, -2/52 HPs)
             Began as an Octopode Assassin on July 4, 2020.
             Slain by a worker ant (3 damage)
             ... on level 5 of the Dungeon.
             The game lasted 00:05:57 (4194 turns).

xccam the Cutter (Octopode Assassin)                Turns: 4194, Time: 00:05:58

Health: -2/52      AC: 23    Str: 13 (17) XL:     6   Next: 35%
Magic:  6/6        EV:  2    Int: 12 (13) God:
Gold:   221        SH:  0    Dex: 15      Spells: 5/5 levels left

rFire    . . .     SeeInvis .   a - +2 dagger
rCold    . . .     Gourm    .   (no shield)
rNeg     + + +     Faith    .   (helmet currently unavailable)
rPois    +         Spirit   .   (no amulet)
rElec    .         Reflect  .   o - ring of wizardry
rCorr    .         Harm     .   f - +6 ring of strength
MR       +....     NoTele   +   (no ring)
Stlth    +++.......             (no ring)
HPRegen  0.17/turn              (no ring)
MPRegen  0.10/turn              (no ring)
                                (no ring)
                                (no ring)

@: brilliant, tree-form (expiring), marked, very slightly contaminated,
invisible
A: almost no armour, stealthy swim, (amphibious), 8 rings, (constrict 8), frail
1, magic resistance 1
a: no special abilities


You were on level 5 of the Dungeon.
You were not hungry.
You were a tree.
You visited 1 branch of the dungeon, and saw 6 of its levels.

You collected 221 gold pieces.

Inventory:

Hand Weapons
 a - a +2 dagger (weapon)
Missiles
 b - 55 poisoned darts (quivered)
 c - 2 curare-tipped darts
Jewellery
 f - a +6 ring of strength (right branch)
 o - a ring of wizardry (left branch)
Wands
 r - a wand of paralysis (10)
 s - a wand of iceblast (10)
 v - a wand of digging (4)
Scrolls
 e - a scroll of remove curse
 h - a scroll of amnesia
 k - a scroll of identify
 n - 3 scrolls of enchant weapon
Potions
 j - a potion of mutation
 m - a potion of brilliance
Comestibles
 d - 6 rations
 q - 2 chunks of flesh


   Skills:
 - Level 2.0 Fighting
 + Level 6.5 Short Blades
 - Level 2.0 Throwing
 - Level 1.0 Dodging
 - Level 5.3 Stealth


You had 5 spell levels left.
You didn't know any spells.
Your spell library was empty.

Dungeon Overview and Level Annotations

Branches:
Dungeon (6/15)
 Temple: D:4-7

Altars:
Ashenzari
Trog


Innate Abilities, Weirdness & Mutations

You cannot wear most types of armour.
You are very stealthy in the water. (Stealth+)
((You are amphibious.))
You can wear up to eight rings at the same time.
((You can use your tentacles to constrict eight enemies at once.))
((Your skin changes colour to match your surroundings (Stealth+).))
((Your rubbery body absorbs attacks. (AC +1, EV +1)))
((One of your tentacles bears a spike.))
You are frail. (-10% HP)
You are resistant to hostile enchantments. (MR+)


Message History

You hit the gnoll.
You kill the gnoll!
You feel your dexterity returning.
Unknown command.
You catch the helpless adder completely off-guard!
You impale the adder!!
You kill the adder!
The worker ant bites you but does no damage.
The giant cockroach barely misses you. The orc hits you but does no damage.
Unknown command.
You closely miss the worker ant. The worker ant bites you.
* * * LOW HITPOINT WARNING * * *
The worker ant bites you but does no damage.
The giant cockroach bites you.
* * * LOW HITPOINT WARNING * * *
Unknown command.
You hit the worker ant.
The worker ant is lightly wounded.
The worker ant bites you.
You die...

#.......#..#
##..#........
#..#.........
#..##.###.##
#######.....## #
#...##..#....## .##
##...##oo......##..#.
#...aaggo............
#..♣og#...##....##..
##s##.#...#.....##
#.r.#.##..##.....#
#.(..............#
##.....J.r.......#
##..[.##..........#
#.......#..........
##.....c..#........
##.....s........##


You could see a gnoll shaman, 2 worker ants, an orc priest, an orc wizard, 2
gnolls, 2 orcs, a quokka and a giant cockroach.

Vanquished Creatures
  A centaur (D:5)
  A jelly (D:5)
  Robin (D:2)
  A gnoll (D:5)
  6 adders
  An ooze (D:1)
  A worm (D:2)
  2 dart slugs (D:2)
  4 leopard geckos
  6 orcs (D:3)
  3 giant cockroaches
  10 goblins
  16 hobgoblins
  2 jackals (D:1)
  7 kobolds
  4 quokkas
  10 bats
  6 frilled lizards
  16 rats
98 creatures vanquished.

Notes
Turn   | Place    | Note
-------+----------+-------------------------------------------
     0 | D:1      | xccam the Octopode Assassin began the quest for the Orb.
     0 | D:1      | Reached XP level 1. HP: 14/14 MP: 1/1
   132 | D:1      | Reached XP level 2. HP: 19/19 MP: 2/2
   185 | D:1      | Reached skill level 3 in Short Blades
   538 | D:1      | Reached XP level 3. HP: 22/24 MP: 3/3
  1018 | D:2      | Reached skill level 4 in Short Blades
  1262 | D:2      | Found a bloodstained altar of Trog.
  1321 | D:2      | Reached XP level 4. HP: 29/29 MP: 4/4
  1720 | D:2      | Noticed Robin
  2183 | D:2      | Killed Robin
  2183 | D:2      | Reached skill level 5 in Short Blades
  2183 | D:2      | Reached XP level 5. HP: 27/34 MP: 5/5
  3211 | D:3      | Found a bloodstained altar of Trog.
  3858 | D:3      | Found a shattered altar of Ashenzari.
  4022 | D:4      | You fall into a shaft and drop 2 floors!
  4023 | D:6      | Noticed a centaur
  4026 | D:6      | Noticed a phantom
  4039 | D:5      | Entered Level 5 of the Dungeon
  4068 | D:5      | Gained mutation: Your mind is acute. (Int +2) [potion of
                  | mutation]
  4068 | D:5      | Gained mutation: Your body sometimes deteriorates upon
                  | taking damage. [potion of mutation]
  4068 | D:5      | Gained mutation: You are resistant to hostile enchantments.
                  | (MR+) [potion of mutation]
  4068 | D:5      | Gained mutation: You are highly resistant to hostile
                  | enchantments. (MR++) [potion of mutation]
  4160 | D:5      | Noticed a centaur
  4185 | D:5      | Killed a centaur
  4185 | D:5      | Reached skill level 6 in Short Blades
  4185 | D:5      | Reached XP level 6. HP: 5/39 MP: 6/6
  4186 | D:5      | Lost mutation: Your body sometimes deteriorates upon taking
                  | damage. [potion of mutation]
  4186 | D:5      | Lost mutation: Your mind is acute. (Int +2) [potion of
                  | mutation]
  4186 | D:5      | Lost mutation: You are highly resistant to hostile
                  | enchantments. (MR++) [potion of mutation]
  4186 | D:5      | Gained mutation: You are frail. (-10% HP) [potion of
                  | mutation]
  4186 | D:5      | Gained mutation: One of your tentacles bears a spike.
                  | [potion of mutation]
  4193 | D:5      | HP: 1/52 [giant cockroach (2)]
  4194 | D:5      | Slain by a worker ant

Illustrated notes

Levels and vault maps discovered:
D:1:      zaba_arrival_water, layout_loops_ring, minmay_rat_gold_closets
D:2:      layout_basic, lightli_temple_of_fire, serial_forest,
          infiniplex_forest_zigzag_1, infiniplex_forest_clump_long,
          infiniplex_forest_clump_medium, infiniplex_forest_lined_corner,
          infiniplex_forest_lined_2, infiniplex_forest_clump_diagonal,
          uniq_robin
D:3:      layout_basic, ashenzari_altar_1, trog_butcher_becter
D:4:      layout_cave_pools, first_ration, serial_park_tiny_2, uniq_menkaure
D:5:      layout_cave_pools, amethyst_overflow_temple_binary,
          nicolae_gozag_seed_capital
D:6:      layout_loops_ring, lemuel_coloured_pillars_altar, lemuel_round_altar,
          minmay_temple_entry_junction

Skill      XL: |  1  2  3  4  5 |
---------------+----------------+-----
Short Blades   | 3 4 5 6 |  6.5
Fighting       | |  2.0
Throwing       | |  2.0
Dodging        | |  1.0
Stealth        | |  5.3

Action                   |  1- 3 |  4- 6 || total
-------------------------+-------+-------++-------
Melee: Dagger            |    57 |   147 ||   204
       Constrict         |    11 |    34 ||    45
       Tentacles         |     6 |    30 ||    36
Evoke: Wand              |       |     5 ||     5
  Use: Potion            |     1 |     9 ||    10
       Scroll            |       |     6 ||     6
 Stab: Sleeping          |    20 |    11 ||    31
       Invisible         |       |     2 ||     2
       Distracted        |       |     1 ||     1
       Paralysed         |       |     1 ||     1
  Eat: Chunk             |     1 |     9 ||    10
Armor: Skin              |     5 |    63 ||    68
Dodge: Dodged            |    20 |   112 ||   132
